cohdb
Replays
Latest Replays
All Replays
Popular Replays
Top Player Replays
Match Explorer
How It Works
Community
CoH3 Stats
Reddit
Sign in to upload your games and track your stats! →
Sign in with Steam
Match 40853107
Unlisted
Match 40853107
Overview
Messages
Build Orders
End
Construct Infanterie Kompanie
MG 42 Machine Gun Team
Grenadier Squad
MG 42 Machine Gun Team
Construct Luftwaffe Kompanie
Jäger Squad
Jäger Squad
Selects Mechanized Battlegroup
Luftwaffe Officer Quarters
Selects Mobile Repair Stations
221 Scout Car
Medical Station
Selects Wespe Self-propelled Artillery
Wespe Self-propelled Artillery
Wespe Self-propelled Artillery
Jäger Squad
Jäger Squad
Selects Raid Package
Selects 8 Rad Armored Car
Selects UNKNOWN (2160084)
221 Scout Car
Wespe Self-propelled Artillery
Wespe Self-propelled Artillery
Support Elements
Wirbelwind Flakpanzer
Selects Zeroing Artillery Barrage
Caesaris_
CLARK
iExploze
皮皮
カルト_くん
petslore
Grumpy
WookieWenis
0
0
Comments
sign in to comment!
No comments posted yet!